 Dungeon Crawl Stone Soup version 0.28-a0-843-gb979743d38 (webtiles) character file.

Game seed: 7006163017777853315

1736 Beardy the Covered (level 8, -16/72 HPs)
             Began as a Deep Dwarf Fighter on Nov 12, 2021.
             Was a Priest of Qazlal.
             Demolished by a komodo dragon (25 damage)
             ... on level 7 of the Dungeon.
             The game lasted 00:14:27 (9797 turns).

Beardy the Covered (Deep Dwarf Fighter)             Turns: 9797, Time: 00:14:27

Health: -16/72     AC: 14    Str: 23    XL:     8   Next: 76%
Magic:  14/14 (5)  EV:  7    Int: 10    God:    Qazlal [***...]
Gold:   307        SH:  8    Dex: 12    Spells: 7/7 levels left

rFire   . . .      SeeInvis .   u - +3 flail of Egung {venom, rN+ MP+9 Int+2}
rCold   . . .      Faith    .   c - +0 buckler
rNeg    + . .      Spirit   .   y - +0 plate armour
rPois   .          Reflect  .   (no helmet)
rElec   .          Harm     .   s - scarf {+Inv}
rCorr   .          Rampage  .   (no gloves)
Will    +....                   j - +0 pair of boots
Stlth   ..........              (no amulet)
HPRegen 0.00/turn               (no ring)
MPRegen 0.14/turn               (no ring)

@: no status effects
A: damage resistance, heal wounds, sense surroundings 1, no regeneration
a: Heal Wounds, Renounce Religion, Evoke Invisibility, Upheaval, Elemental Force


You were on level 7 of the Dungeon.
You worshipped Qazlal.
Qazlal was most pleased with you.
You visited 1 branch of the dungeon, and saw 7 of its levels.

You collected 307 gold pieces.

Inventory:

Hand Weapons
 a - a +0 war axe
 m - a +1 antimagic hand axe
 u - the +3 flail of Egung (weapon) {venom, rN+ MP+9 Int+2}
   (You found it on level 4 of the Dungeon)

   It poisons the flesh of those it strikes.
   Int:       It affects your intelligence (+2).
   rN:        It protects you from negative energy.
   MP:        It affects your magic capacity (+9).
Armour
 b - a +0 scale mail
 c - a +0 buckler (worn)
 g - a +0 ring mail
 j - a +0 pair of boots (worn)
 s - a scarf of invisibility (worn)
 y - a +0 plate armour (worn)
Jewellery
 o - a ring of see invisible
 z - a ring of ice
Wands
 n - a wand of paralysis (5)
 D - a wand of iceblast (11)
Scrolls
 f - 3 scrolls of teleportation {unknown}
 i - 6 scrolls of identify {unknown}
 p - a scroll of enchant weapon {unknown}
 q - a scroll of acquirement {unknown}
 r - 2 scrolls of amnesia {unknown}
 t - 3 scrolls of magic mapping {unknown}
 A - a scroll of summoning {unknown}
 B - a scroll of enchant armour {unknown}
 F - a scroll of vulnerability {unknown}
Potions
 d - 5 potions of might
 e - 2 potions of curing {unknown}
 h - 2 potions of ambrosia {unknown}
 k - a potion of berserk rage {unknown}
 l - a potion of lignification {unknown}
 v - 3 potions of haste {unknown}
 w - a potion of magic {unknown}
 x - a potion of cancellation {unknown}
 C - a potion of heal wounds {unknown}
 E - 2 potions of attraction {unknown}
 G - a potion of resistance {unknown}


   Skills:
 + Level 4.2 Fighting
 + Level 5.0(6.9) Axes
 * Level 6.8(7.5) Maces & Flails
 + Level 6.8 Armour
 + Level 2.0 Dodging
 + Level 0.7 Stealth
 + Level 5.1 Shields


You had 7 spell levels left.
You didn't know any spells.
Your spell library contained the following spells:

 Spells                   Type           Power      Damage    Failure   Level
 Freeze                   Ice            0%         1d3       99%         1
 Sandblast                Erth           0%         2d4       99%         1
 Passwall                 Tmut/Erth      0%         N/A       100%        2
 Frozen Ramparts          Ice            0%         1d2       100%        3
 Stone Arrow              Conj/Erth      0%         3d7       100%        3
 Hailstorm                Conj/Ice       0%         3d3       100%        4


Dungeon Overview and Level Annotations

Branches:
Dungeon (7/15)             Temple (0/1) D:5

Altars:
Gozag
Qazlal


Innate Abilities, Weirdness & Mutations

You are resistant to damage.
You can heal yourself by infusing magical energy.
You passively map a small area around you.
You do not regenerate.


Message History

A komodo dragon comes into view.
The komodo dragon bites you!!
You sock the komodo dragon!
The komodo dragon is lightly wounded.
The komodo dragon bites you.
You hit the komodo dragon but do no damage.
The komodo dragon is poisoned.
The komodo dragon is lightly wounded.
You block the komodo dragon's attack.
You closely miss the komodo dragon.
The komodo dragon is moderately wounded.
The komodo dragon bites you!
You closely miss the komodo dragon.
The komodo dragon is moderately wounded.
The komodo dragon bites you but does no damage.
You hit the komodo dragon but do no damage.
The komodo dragon looks as sick as possible!
The komodo dragon is moderately wounded.
The komodo dragon bites you!
* * * LOW HITPOINT WARNING * * *
You hit the komodo dragon but do no damage.
The komodo dragon looks as sick as possible!
The komodo dragon is moderately wounded.
The komodo dragon closely misses you.
You hit the komodo dragon but do no damage.
The komodo dragon looks as sick as possible!
The komodo dragon is moderately wounded.
You block the komodo dragon's attack.
You hit the komodo dragon but do no damage.
The komodo dragon looks as sick as possible!
The komodo dragon is moderately wounded.
You block the komodo dragon's attack.
You hit the komodo dragon.
The komodo dragon looks as sick as possible!
The komodo dragon is heavily wounded.
The komodo dragon barely misses you.
You barely miss the komodo dragon.
The komodo dragon is heavily wounded.
The komodo dragon bites you!!
You die...

#.# ,###.#,##### #.#
#...#, ...# #.#,, *
#.######.#*
#.#########.#........#
#......<....#######..#
#####....#####.. #..#
* #.##.#...#.##.#..#
,,, ,...#
.#...○.l..#..# *#####
.., #@####..# , *
*##.* #.......# ,, .#
######..# # * * #..# ,
, , * #.## , #.# * ,*
#.# , #.# #.#


You could see a komodo dragon (extremely poisoned).

Vanquished Creatures
  Duvessa (D:4)
  A sky beast (D:5)
  2 necrophages (D:6)
  4 ogres
  A centaur (D:5)
  A phantom (D:4)
  2 bullfrogs (D:6)
  A wyvern zombie (D:6)
  A scorpion (D:6)
  Dowan (D:4)
  3 orc priests
  A bullfrog skeleton (D:5)
  4 hounds
  2 iguanas (D:6)
  A centaur skeleton (D:6)
  Ijyb (D:3)
  2 orc wizards
  8 adders
  A white imp (D:6)
  2 adder skeletons
  A dart slug (D:2)
  17 orcs
  3 bats
  8 endoplasms
  4 giant cockroaches
  11 goblins
  11 hobgoblins
  2 jackals (D:5)
  10 kobolds
  5 quokkas
  7 ball pythons
  2 frilled lizards (D:2)
  4 rats
125 creatures vanquished.

Vanquished Creatures (others)
  2 fungi (D:2)
  20 plants
  5 toadstools (D:1)
27 creatures vanquished.

Grand Total: 152 creatures vanquished

Notes
Turn   | Place    | Note
-------+----------+-------------------------------------------
     0 | D:1      | Beardy the Deep Dwarf Fighter began the quest for the Orb.
     0 | D:1      | Reached XP level 1. HP: 20/20 MP: 1/1
   394 | D:1      | Reached XP level 2. HP: 21/27 MP: 2/2
   718 | D:1      | Reached XP level 3. HP: 16/33 MP: 3/3
  5246 | D:2      | Reached XP level 4. HP: 27/40 MP: 4/4
  5452 | D:2      | Found a faded altar of an unknown god.
  5482 | D:2      | Prayed at the altar of an unknown god.
  5482 | D:2      | Became a worshipper of Qazlal Stormbringer
  5482 | D:2      | Reached * piety under Qazlal
  5797 | D:3      | Noticed an ogre
  6236 | D:3      | Killed an ogre
  6237 | D:3      | Reached XP level 5. HP: 31/49 MP: 1/5
  6304 | D:3      | Noticed Ijyb
  6305 | D:3      | Paralysed by Ijyb for 7 turns
  6317 | D:3      | Killed Ijyb
  6318 | D:3      | Reached skill level 1 in Dodging
  7088 | D:4      | Reached skill level 5 in Armour
  7191 | D:4      | Reached XP level 6. HP: 36/56 MP: 2/6
  7243 | D:4      | Found a glowing drain.
  7410 | D:4      | Reached ** piety under Qazlal
  7419 | D:4      | Identified the +3 flail of Egung {venom, rN+ MP+9 Int+2}
  7739 | D:4      | Noticed Duvessa
  7739 | D:4      | Noticed Dowan
  7767 | D:4      | Killed Duvessa
  7768 | D:4      | Reached XP level 7. HP: 5/62 MP: 6/6
  7774 | D:4      | Reached skill level 5 in Axes
  7779 | D:4      | Killed Dowan
  8016 | D:5      | Entered Level 5 of the Dungeon
  8570 | D:5      | Found a staircase to the Ecumenical Temple.
  8860 | D:5      | Found an opulent altar of Gozag.
  8910 | D:5      | Reached XP level 8. HP: 51/72 MP: 5/5
  9042 | D:5      | Reached skill level 5 in Maces & Flails
  9337 | D:6      | Reached skill level 5 in Shields
  9589 | D:6      | Reached *** piety under Qazlal
  9786 | D:7      | Noticed a komodo dragon
  9797 | D:7      | Demolished by a komodo dragon

Illustrated notes

Levels and vault maps discovered:
D:1:      ldierk_walled_garden, layout_basic
D:2:      layout_rooms, shapermc_ecumenical_altar_acropolis
D:3:      layout_loops_corners, chequers_big_river, serial_bayou_pond_b,
          chequers_serial_rivers_micro_d, glass_columns_c,
          grunt_decor_resistance, uniq_ijyb
D:4:      layout_rooms, portal_sewer_entry_f, minivault_14,
          chequers_serial_rivers_small_b, uniq_duvessa
D:5:      layout_basic, nicolae_gozag_cash_rules_everything_around_me,
          temple_hall_moat
D:6:      layout_rooms
D:7:      layout_basic, uniq_prince_ribbit1, uniq_crazy_yiuf_cottage

Skill      XL: |  1  2  3  4  5  6  7  8 |
---------------+-------------------------+-----
Armour         | 4 5 6 |  6.8
Axes           | 3 4 5 |  5.0
Fighting       | 3 4 |  4.2
Shields        | 4 5 |  5.1
Dodging        | 1 2 |  2.0
Maces & Flails | 2 4 6 |  6.8
Stealth        | |  0.7

Action                   |  1- 3 |  4- 6 |  7- 9 || total
-------------------------+-------+-------+-------++-------
Melee: War axe           |    92 |    70 |       ||   162
       Hand axe          |       |    82 |       ||    82
       Flail             |       |    25 |   160 ||   185
 Abil: Heal Wounds       |     1 |     5 |     8 ||    14
Armor: Scale mail        |    57 |   100 |     4 ||   161
       Plate armour      |       |       |    77 ||    77
Dodge: Dodged            |    60 |   111 |    62 ||   233
Block: Buckler           |    29 |    85 |    62 ||   176

Table legend: (Time is in decaauts)
 A = Elapsed time spent in this place.
 B = Non-inter-level travel time spent in this place.
 C = Inter-level travel time spent in this place.
 D = Time resting spent in this place.
 E = Time spent auto-exploring this place.
 F = Levels seen in this place.
 G = Mean time per level.
                   A        B        C        D        E       F      G
               +--------+--------+--------+--------+--------+-----+--------+
         Total |   9921 |   9758 |    163 |   4400 |   2443 |   7 | 1417.3 |
       Dungeon |   9921 |   9758 |    163 |   4400 |   2443 |   7 | 1417.3 |
               +--------+--------+--------+--------+--------+-----+--------+

Top non-repeatable levels by time:
     D:1: 5150 daAuts
     D:3: 1425 daAuts
     D:5: 1188 daAuts
     D:4: 958 daAuts
     D:2: 590 daAuts
     D:6: 530 daAuts
     D:7: 77 daAuts
